 Dungeon Crawl Stone Soup version 0.23.2-33-g5129a83184 (webtiles) character file.

Game seed: 15498549347232996166

270 MaxwellSilver the Cutter (level 6, -1/52 HPs)
             Began as a Minotaur Fighter on July 23, 2019.
             Was an Initiate of Okawaru.
             Slain by Pikel
             ... wielding a +2 whip of electrocution
              (20 damage)
             ... on level 4 of the Dungeon.
             The game lasted 00:04:01 (2515 turns).

MaxwellSilver the Cutter (Minotaur Fighter)         Turns: 2515, Time: 00:04:01

Health: -1/52      AC: 10    Str: 23    XL:     6   Next: 1%
Magic:  5/5        EV:  5    Int:  5    God:    Okawaru [......]
Gold:   203        SH:  9    Dex:  9    Spells: 5/5 levels left

rFire    . . .     SeeInvis .   a - +0 rapier
rCold    . . .     Gourm    .   c - +0 shield
rNeg     . . .     Faith    .   m - +0 chain mail
rPois    .         Spirit   .   (helmet restricted)
rElec    .         Reflect  .   (no cloak)
rCorr    .         Harm     .   t - +0 pair of gloves (curse)
MR       .....                  (no boots)
Stlth    ..........             (no amulet)
HPRegen  0.17/turn              (no ring)
MPRegen  0.09/turn              (no ring)

@: no status effects
A: retaliatory headbutt, horns 2
a: Renounce Religion


You were on level 4 of the Dungeon.
You worshipped Okawaru.
Okawaru was noncommittal.
You were not hungry.

You visited 1 branch of the dungeon, and saw 4 of its levels.

You collected 203 gold pieces.

Inventory:

Hand Weapons
 a - a +0 rapier (weapon)
Armour
 b - a +0 scale mail
 c - a +0 shield (worn)
 m - a +0 chain mail (worn)
 t - a cursed +0 pair of gloves (worn)
Jewellery
 n - a cursed ring of attention {unknown}
Wands
 j - a wand of paralysis (5)
Scrolls
 g - 2 scrolls of identify {unknown}
 h - 3 scrolls of remove curse {unknown}
 k - a scroll of amnesia {unknown}
 l - 2 scrolls of teleportation {unknown}
 o - a scroll of fear {unknown}
 p - a scroll of enchant weapon {unknown}
 s - a scroll of blinking {unknown}
Potions
 d - a potion of might
 e - a potion of curing {unknown}
 i - a potion of degeneration {unknown}
 q - 3 potions of flight {unknown}
 r - a potion of mutation {unknown}
Comestibles
 f - 5 rations


   Skills:
 - Level 4.0 Fighting
 + Level 6.6 Short Blades
 - Level 3.6 Armour
 - Level 4.0 Shields


You had 5 spell levels left.
You didn't know any spells.
Your spell library was empty.

Dungeon Overview and Level Annotations

Branches:
Dungeon (4/15)
 Temple: D:4-7

Altars:
Okawaru

Annotations:
D:4 Pikel


Innate Abilities, Weirdness & Mutations

You reflexively headbutt those who attack you in melee.
You have a pair of horns on your head.


Message History

Pikel is lightly wounded.
Pikel hits you with a +2 whip of electrocution.
You barely miss Pikel. Your headbutt misses Pikel.
Pikel is lightly wounded.
Pikel hits you but does no damage.
You puncture Pikel!
Pikel is moderately wounded.
Pikel hits you but does no damage.
You are electrocuted!
Your chain mail prevents you from hitting Pikel.
Your headbutt misses Pikel.
Pikel is moderately wounded.
Pikel hits you but does no damage.
You closely miss Pikel. Your headbutt misses Pikel.
Pikel is moderately wounded.
You block Pikel's attack.
You closely miss Pikel. Your headbutt misses Pikel.
Pikel is moderately wounded.
Pikel hits you with a +2 whip of electrocution.
You are electrocuted!!
You die...

####################
...................#
...................#
...............[@[.#
#...##.##.##.####K##
#...##.##.##+##..p.#
...................########
..................##.......
.......†............?......
#..........................
#..........................
#......##.................p


You could see Pikel and a slave.

Vanquished Creatures
  2 slaves (D:4)
  A hound (D:4)
  An orc priest (D:3)
  An orc wizard (D:3)
  A worker ant (D:3)
  4 gnolls
  2 adders
  5 worms
  4 dart slugs
  A leopard gecko (D:3)
  4 orcs (D:3)
  A ball python (D:3)
  6 giant cockroaches (D:1)
  7 goblins
  6 hobgoblins
  8 jackals
  2 kobolds (D:1)
  A quokka (D:2)
  A ball python skeleton (D:4)
  8 bats
  2 frilled lizards
  12 rats
80 creatures vanquished.

Notes
Turn   | Place    | Note
-------+----------+-------------------------------------------
     0 | D:1      | MaxwellSilver the Minotaur Fighter began the quest for the
                  | Orb.
     0 | D:1      | Reached XP level 1. HP: 19/19 MP: 0/0
   112 | D:1      | Reached XP level 2. HP: 27/27 MP: 1/1
   250 | D:1      | Reached skill level 3 in Short Blades
   318 | D:1      | Reached XP level 3. HP: 31/33 MP: 2/2
   857 | D:2      | Reached skill level 4 in Short Blades
   883 | D:2      | Reached XP level 4. HP: 39/40 MP: 3/3
   912 | D:2      | Found an iron altar of Okawaru.
   920 | D:2      | Became a worshipper of Warmaster Okawaru
  1386 | D:3      | Reached skill level 5 in Short Blades
  1480 | D:3      | Reached XP level 5. HP: 41/46 MP: 4/4
  1780 | D:3      | Reached skill level 6 in Short Blades
  2422 | D:4      | Reached XP level 6. HP: 43/52 MP: 5/5
  2456 | D:4      | Noticed a slave
  2473 | D:4      | Killed a slave
  2481 | D:4      | Noticed a slave
  2481 | D:4      | Noticed a slave
  2481 | D:4      | Noticed a slave
  2482 | D:4      | Noticed Pikel
  2502 | D:4      | Killed a slave
  2515 | D:4      | Slain by Pikel

Skill      XL: |  1  2  3  4  5 |
---------------+----------------+-----
Fighting       | 4 |  4.0
Shields        | 4 |  4.0
Short Blades   | 3 4 5 6 |  6.6
Armour         | |  3.6

Action                   |  1- 3 |  4- 6 || total
-------------------------+-------+-------++-------
Melee: Rapier            |    99 |   150 ||   249
       Headbutt          |    16 |    27 ||    43
  Eat: Chunk             |       |     5 ||     5
Armor: Scale mail        |    40 |    49 ||    89
       Chain mail        |       |    12 ||    12
Dodge: Dodged            |    21 |    42 ||    63
Block: Shield            |    42 |    82 ||   124
